 Dungeon Crawl Stone Soup version 0.31.0 (webtiles) character file.

Game seed: 3053925389587835451

25 qw the Shooter (level 3, -3/21 HPs)
             Began as a Gargoyle Hunter on Jan 19, 2024.
             Killed by nerve-wracking pain
             ... invoked by an orc priest
              (6 damage)
             ... on level 2 of the Dungeon.
             The game lasted 00:00:02 (572 turns).

qw the Shooter (Gargoyle Hunter)                     Turns: 572, Time: 00:00:03

Health: -3/21      AC:  8    Str: 14    XL:     3   Next: 6%
Magic:  3/3        EV: 10    Int:  9    God:
Gold:   49         SH:  0    Dex: 15    Spells: 2/2 levels left

rFire   . . .        a - +0 shortbow
rCold   . . .        (shield currently unavailable)
rNeg    + . .        g - +0 ring mail
rPois   inf          (no helmet)
rElec   +            (no cloak)
rCorr   .            (no gloves)
SInv    .            (no boots)
Will    .....        (no amulet)
Stlth   +            (no ring)
HPRegen 0.23/turn    (no ring)
MPRegen 0.08/turn

%: no passive effects
@: no status effects
A: sickness immunity, AC +3, negative energy resistance 1, electricity
resistance, torment resistance 1, petrification resistance
a: no special abilities


You were on level 2 of the Dungeon.
You visited 1 branch of the dungeon, and saw 2 of its levels.

You collected 49 gold pieces.


Innate Abilities, Weirdness & Mutations

You are immune to sickness and miasma.
Your stone body is resilient. (AC +3)
You are immune to poison.
You resist negative energy. (rN+)
You are resistant to electric shocks. (rElec)
You are resistant to unholy torment.
You are immune to petrification.


   Skills:
 - Level 2.1 Fighting
 - Level 4.9 Ranged Weapons
 + Level 0.3 Armour
 - Level 1.5 Dodging
 - Level 1.1 Stealth


You had 2 spell levels left.
You didn't know any spells.
Your spell library was empty.

Inventory:

Hand Weapons
 a - a +0 shortbow (weapon)
Armour
 g - a +0 ring mail (worn)
Potions
 f - a potion of attraction {unknown}
 i - a potion of curing {unknown}

Dungeon Overview and Level Annotations

Branches:
Dungeon (2/15)

Altars:


Message History

Done exploring.
What level of the Dungeon? (default 1, ? - help)
There is a stone staircase leading down here.
You climb downwards.
The orc wizard shouts!
The orc priest shouts!
The ball python hisses angrily.
Found a thin jewelled staff and 4 stones.
Found a stone staircase leading up.
There is a stone staircase leading up here.
There are monsters nearby!
Waypoint 1 assigned to D:2.
564 ||| RETREEEEATING.
Found a scroll labelled PUISKO FUUT.
The orc shouts!
The orc priest mumbles some strange prayers to Beogh against you.
Beogh smites you!
565 ||| RETREEEEATING.
The orc priest calls down the wrath of Beogh upon you.
Beogh smites you!
Ouch! That really hurt!
566 ||| RETREEEEATING.
You shoot an arrow.
The arrow hits the quokka but does no damage.
The orc priest casts a cantrip, but nothing happens.
The quokka bites you.
You shoot an arrow. The arrow hits the quokka.
The quokka is almost dead.
The quokka bites you but does no damage. x2
You shoot an arrow. The arrow hits the quokka.
You kill the quokka!
The orc hits you but does no damage. The ball python misses you.
The ball python barely misses you.
570 ||| RETREEEEATING.
You shoot an arrow. The arrow closely misses the orc.
The arrow hits the ball python.
You kill the ball python!
The orc barely misses you.
You shoot an arrow. The arrow hits the orc priest!
The orc priest is severely wounded.
The orc priest invokes the aid of Beogh against you.
Pain shoots through your body!
You die...

#..(.... ###......#
?........#
...o..o..# .
......o..#+##...
........<.......
#+#.o<...|...
#.#####.#oo........
#......@.%.........
#######oo..........
...........##+
#.#.........#
...#.........# ###
#..........
..........#
##........


You could see 2 orc priests, an orc wizard and 2 orcs.

Vanquished Creatures
  A dart slug (D:1)
  2 ball pythons
  2 bats (D:1)
  3 endoplasms (D:1)
  A giant cockroach (D:1)
  A hobgoblin (D:1)
  2 kobolds (D:1)
  2 quokkas
  A frilled lizard (D:1)
  4 goblins (D:1)
  A rat (D:1)
20 creatures vanquished.

Notes
Turn   | Place    | Note
-------+----------+-------------------------------------------
     0 | D:1      | qw the Gargoyle Hunter began the quest for the Orb.
     0 | D:1      | Reached XP level 1. HP: 12/12 MP: 1/1
     0 | D:1      | 0 ||| qw: Version: 0.3-a-132-g3d54051
     0 | D:1      | 0 ||| qw: Game counter: 364
     0 | D:1      | 0 ||| qw: Melee chars always use a shield: true
     0 | D:1      | 0 ||| qw: God list: Okawaru
     0 | D:1      | 0 ||| qw: Allow faded altars: false
     0 | D:1      | 0 ||| qw: Do Orc after clearing Dungeon:15 true
     0 | D:1      | 0 ||| qw: Do second Lair branch before Depths: true
     0 | D:1      | 0 ||| qw: Lair rune preference: random
     0 | D:1      | 0 ||| qw: Goals: Normal
     0 | D:1      | 0 ||| PLANNING D:1-11
    85 | D:1      | Reached XP level 2. HP: 17/17 MP: 2/2
   368 | D:1      | Reached XP level 3. HP: 21/21 MP: 3/3
   419 | D:1      | 419 ||| UPGRADING to +0 ring mail.
   429 | D:1      | 429 ||| DROPPING +0 leather armour.
   430 | D:1      | 430 ||| READING scroll labelled ONY OXTOUSCHAONLE.
   531 | D:1      | 531 ||| READING scroll labelled IZORATHRECAS.
   531 | D:1      | 531 ||| IDENTIFYING bubbling grey potion
   532 | D:1      | 532 ||| DROPPING scroll of butterflies.
   533 | D:1      | 533 ||| DROPPING potion of invisibility.
   564 | D:2      | 564 ||| RETREEEEATING.
   565 | D:2      | 565 ||| RETREEEEATING.
   565 | D:2      | HP: 2/21 [orc priest/divine providence (11)]
   566 | D:2      | 566 ||| RETREEEEATING.
   570 | D:2      | 570 ||| RETREEEEATING.
   572 | D:2      | Killed from afar by an orc priest

Levels and vault maps discovered:
D:1:      psy_arrival_whirlpool, layout_basic
D:2:      mumra_celtic_spiral_tile, layout_basic, minmay_bisected,
          uniq_crazy_yiuf_cottage, uniq_robin, uniq_natasha

Action                     || total
---------------------------++-------
   Fire: Shortbow          ||    59
    Use: Scroll            ||     2
 Armour: Leather armour    ||    13
         Ring mail         ||     4
  Dodge: Dodged            ||    19

Table legend:
 A = Non-vault XP
 B = Vault XP
 C = Vault XP percentage of total XP
 D = Non-vault monster count
 E = Vault monster count
 F = Vault count percentage of total count
                 A         B        C        D         E       F
            +---------+---------+-------+---------+---------+-------
      Total |      37 |       0 |   0.0 |      20 |       0 |   0.0
            +---------+---------+-------+---------+---------+-------
        D:1 |      34 |       0 |   0.0 |      18 |       0 |   0.0
        D:2 |       3 |       0 |   0.0 |       2 |       0 |   0.0
            +---------+---------+-------+---------+---------+-------
